[Event "*** Titled Tuesday 3|2 Blitz"]
[Site "Chess.com"]
[Date "2015.11.03"]
[Round "8"]
[White "ArnaudovP"]
[Black "jcibarra"]
[Result "1-0"]
[WhiteElo "2346"]
[BlackElo "2519"]
[TimeControl "180+2"]
[EndTime "18:35:17 PST"]
[Termination "ArnaudovP won by checkmate"]

1. Nf3 Nf6 2. c4 g6 3. Nc3 d6 4.
e4 Bg7 5. d4 O-O 6. h3 e5 7. d5 a5 8. g4 Na6 9. Be3 Nd7 10. Rg1 Ndc5 11. Be2 Kh8 12. a3 a4 13. Nd2 Bd7 14. Qc2 f5 15. g5 f4 16. Bxc5 Nxc5 17.
O-O-O Bxh3 18. Bg4 Bxg4 19. Rxg4 f3 20. Rh1 Rf4 21. Rg3 Bf8 22. Rgh3 Rf7 23. Nxf3 Be7 24. Rg3 Qf8 25. Qe2 Nb3+ 26. Kd1 Nd4 27. Nxd4 exd4 28. Nb5 Rxf2 29. Qd3 Qf4 30. Rgh3 h5 31. gxh6 Bg5 32. Qxd4+ Kh7 33. Qg7# 1-0

[Event "*** Titled Tuesday 3|2 Blitz"]
[Site "Chess.com"]
[Date "2015.11.03"]
[Round "8"]
[White "Noukii"]
[Black "Izoria123"]
[Result "0-1"]
[WhiteElo "2606"]
[BlackElo "2468"]
[TimeControl "180+2"]
[EndTime "18:35:20 PST"]
[Termination "Izoria123 won by resignation"]

1. d4 Nf6 2. c4 g6 3. Nc3 Bg7 4. Nf3 O-O 5. e4 d6 6. Be2 e5 7. O-O c6 8. Be3 exd4 9. Nxd4 Re8 10. f3 d5 11. cxd5 Nxd5 12. Nxd5 cxd5 13. Qb3 Nc6 14. Rad1 Bxd4 15. Bxd4 Nxd4 16. Rxd4 Qf6 17. Qxd5 Be6 18.
Qc5 Rac8 19. Qb4 a5 20. Qa4 Bxa2 21. Rfd1 Be6 22. Qxa5 Rc2 23. R1d2 Rxb2 24. e5 Rb1+ 25. Bf1 Qg5 26. f4 Qh4 27. h3 Qe1 0-1

[Event "*** Titled Tuesday 3|2 Blitz"]
[Site "Chess.com"]
[Date "2015.11.03"]
[Round "8"]
[White "bugsbunny444"]
[Black "SerGo055"]
[Result "1-0"]
[WhiteElo "2351"]
[BlackElo "2394"]
[TimeControl "180+2"]
[EndTime "18:35:43 PST"]
[Termination "bugsbunny444 won by resignation"]

1. Nf3 d5 2. c4 c6 3. g3 Nf6 4. Bg2 Bf5 5. cxd5 cxd5 6. Qb3 Qb6 7. Nc3 Qxb3 8. axb3 Bd7 9. d3 e6 10. O-O Bc5 11.
Bf4 Ke7 12. Rfc1 Rc8 13. Na4 Bd6 14. Rxc8 Bxc8 15. Bxd6+ Kxd6 16. Nb6 axb6 17. Rxa8 Kc7 18.
Ne5 Na6 19. Nxf7 Nd7 20. Nd6 Kxd6 21. Rxc8 Nac5 22. b4 Na6 23. Rg8 g6 24. Rg7 Nxb4 25. Rxh7 Nc6 26. Rg7 Ne7 27. h4 e5 28. g4 Ke6 29. h5 Kf6 30. h6 g5 31. Rxe7 Kxe7 32. h7 1-0

[Event "*** Titled Tuesday 3|2 Blitz"]
[Site "Chess.com"]
[Date "2015.11.03"]
[Round "8"]
[White "gauranga"]
[Black "Viaje"]
[Result "0-1"]
[WhiteElo "1940"]
[BlackElo "2203"]
[TimeControl "180+2"]
[EndTime "18:35:49 PST"]
[Termination "Viaje won by checkmate"]

1. b3 e5 2. Bb2 Nc6 3. e3 Nf6 4.
c4 d5 5. cxd5 Nxd5 6. a3 Bd6 7.
d3 O-O 8. Nd2 f5 9. Ngf3 Kh8 10.
Be2 Qe8 11. Qc2 Qg6 12. O-O f4 13. e4 Nde7 14. Kh1 Rf6 15. d4 exd4 16. Nxd4 Ne5 17. Nb5 Bg4 18. f3 Be6 19. Nxd6 cxd6 20. Rfd1 Qh5 21.
Nf1 N7g6 22. Rxd6 Nh4 23. Qc7 Qg5 24. g3 fxg3 25. Nxg3 Bh3 26. Rd8+ Rf8 27. Rxa8 Rxa8 28. Qxe5 Bg2+ 29. Kg1 Qe3# 0-1

[Event "*** Titled Tuesday 3|2 Blitz"]
[Site "Chess.com"]
[Date "2015.11.03"]
[Round "8"]
[White "kharposh"]
[Black "Anton_Demchenko"]
[Result "0-1"]
[WhiteElo "2107"]
[BlackElo "2624"]
[TimeControl "180+2"]
[EndTime "18:35:51 PST"]
[Termination "Anton_Demchenko won by resignation"]

1. e4 e5 2. Nf3 Nc6 3. Bb5 g6 4. O-O Bg7 5. Nc3 Nge7 6. Re1 O-O 7. d3 a6 8. Ba4 b5 9. Bb3 Na5 10. Nd5 c6 11. Nxe7+ Qxe7 12. Bd2 Nxb3 13. axb3 d6 14. b4 f5 15. d4 fxe4 16. Rxe4 Bf5 17. Re3 e4 18.
Ne1 Bxd4 19. Bc3 Bxe3 20. fxe3 c5 21. g3 Bh3 22. Ng2 Bxg2 23. Kxg2 Qe6 24. bxc5 dxc5 25.
b4 Rad8 26. Qe1 cxb4 27. Bxb4 Rf7 28. Bc3 h5 29. Bb2 Kh7 30. Qc3 Qf5 31. h4 b4 32.
Qxb4 Qf2+ 33. Kh3 Rd2 0-1

[Event "*** Titled Tuesday 3|2 Blitz"]
[Site "Chess.com"]
[Date "2015.11.03"]
[Round "8"]
[White "AdrianaNikolova"]
[Black "simplerXiao"]
[Result "1-0"]
[WhiteElo "2233"]
[BlackElo "2331"]
[TimeControl "180+2"]
[EndTime "18:36:22 PST"]
[Termination "AdrianaNikolova won by checkmate"]

1. e4 c5 2. Nf3 g6 3. c3 Bg7 4. d4 cxd4 5. cxd4 d5 6. e5 Bg4 7. h3 Bxf3 8. Qxf3 Nc6 9. Bb5 h5 10. Nc3 e6 11. O-O Ne7 12. Bg5 O-O 13. Rad1 Qb6 14. Bxc6 Nxc6 15. Na4 Qb4 16. b3 Nxd4 17. Qe3 Nf5 18. Qe2 h4 19. Nb2 Rfc8 20. Nd3 Qe4 21. Qg4 Rc2 22. Rfe1 Qxg4 23. hxg4 Nd4 24. Bxh4 Ne2+ 25.
Kf1 Nc3 26. Rc1 Rxc1 27. Rxc1 Nxa2 28. Rc2 a6 29. Rxa2 Rc8 30. Ke2 Rc3 31. b4 Bh6 32. f4 Rc4 33. g5 Bf8 34. Be1 Kg7 35. Rb2 Be7 36. b5 Bd8 37. bxa6 bxa6 38. Rb8 Bc7 39. Ra8 Rc2+ 40. Kf3 Ra2 41. Bb4 a5 42. Be7 f5 43.
gxf6+ Kf7 44. Rf8# 1-0

[Event "*** Titled Tuesday 3|2 Blitz"]
[Site "Chess.com"]
[Date "2015.11.03"]
[Round "8"]
[White "DeviatkinAndrey"]
[Black "wanyaland"]
[Result "1-0"]
[WhiteElo "2473"]
[BlackElo "2244"]
[TimeControl "180+2"]
[EndTime "18:36:28 PST"]
[Termination "DeviatkinAndrey won by resignation"]

1. d4 d5 2. Nf3 c6 3. c4 Nf6 4. cxd5 cxd5 5. Nc3 Nc6 6. Bf4 Bf5 7. e3 e6 8. Qb3 Qb6 9. Qxb6 axb6 10. Bb5 Nd7 11.
O-O Be7 12. Rfc1 O-O 13. a3 Rfc8 14. Nd2 h5 15. h3 g5 16. Bh2 Kh7 17. Be2 Kh6 18.
g4 hxg4 19. hxg4 Bg6 20. Nb5 Kg7 21. Nd6 Bxd6 22. Bxd6 Nf6 23. Rc3 Rh8 24. Kg2 Rh4 25. Bg3 Rh7 26. Rh1 Rah8 27. Rxh7+ Rxh7 28. b4 Ne8 29. Bb5 Nf6 30. Bxc6 bxc6 31. Be5 Rh8 32. Rxc6 Ra8 33. Rc3 Bh7 34. f4 Kg6 35. f5+ Kg7 36.
fxe6 fxe6 37. Rc7+ 1-0

[Event "*** Titled Tuesday 3|2 Blitz"]
[Site "Chess.com"]
[Date "2015.11.03"]
[Round "8"]
[White "Tesla17"]
[Black "Alliswell998"]
[Result "0-1"]
[WhiteElo "2184"]
[BlackElo "2107"]
[TimeControl "180+2"]
[EndTime "18:36:35 PST"]
[Termination "Alliswell998 won by resignation"]

1. d4 Nf6 2. c4 c5 3. d5 b5 4.
cxb5 a6 5. bxa6 g6 6. Nc3 Bxa6 7. Nf3 d6 8. g3 Bg7 9. Bg2 Nbd7 10. Rb1 O-O 11. O-O Qa5 12. Bd2 Bb7 13. Nh4 Qa6 14.
b3 Rac8 15. a4 Qa8 16. e4 Ne5 17. f4 Nd3 18. Rf3 Nb4 19. Re3 e6 20. dxe6 fxe6 21.
Nb5 Nxe4 22. Bxb4 cxb4 23. Bxe4 Bxe4 24. Nxd6 Bxb1 25. Nxc8 Qxc8 26. Qxb1 Bd4 27. Qe4 Qc1+ 28. Kf2 Qd2+ 29. Kf3 Qxe3+ 30. Qxe3 Bxe3 31. Kxe3 Rc8 32. Kd4 Rc3 33. a5 Rxb3 34. Kc5 Rb1 35. Nf3 b3 36. Nd2 Rc1+ 37. Kb6 b2 38. a6 b1=Q+ 39. Nxb1 Rxb1+ 40.
Kc7 Ra1 41. Kb7 Kf7 42. a7 Kf6 43. a8=Q Rxa8 44. Kxa8 Kf5 45. Kb7 Kg4 46. Kc6 Kh3 47.
Kd6 Kxh2 48. g4 Kg3 0-1

[Event "*** Titled Tuesday 3|2 Blitz"]
[Site "Chess.com"]
[Date "2015.11.03"]
[Round "8"]
[White "Tirantes"]
[Black "spirals5"]
[Result "1/2-1/2"]
[WhiteElo "2232"]
[BlackElo "2219"]
[TimeControl "180+2"]
[EndTime "18:36:36 PST"]
[Termination "Game drawn by repetition"]

1. c4 e5 2. Nc3 Nc6 3. g3 g6 4. Bg2 Bg7 5. e4 Nge7 6. Nge2 O-O 7. d3 d6 8. O-O f5 9. exf5 Bxf5 10. Be3 Qd7 11. d4 exd4 12. Nxd4 Bh3 13. Nxc6 bxc6 14. Bd4 Bxg2 15. Kxg2 Bxd4 16. Qxd4 Nf5 17. Qd3 Rae8 18. Rae1 Qf7 19. Rxe8 Rxe8 20. b3 Rf8 21. Kg1 Kg7 22.
Ne4 c5 23. Ng5 Qf6 24. Nf3 Re8 25. Kg2 Re7 26. Re1 Rxe1 27. Nxe1 Nd4 28. Nf3 Nxf3 29. Qxf3 Qxf3+ 30. Kxf3 Kf6 31. Ke4 c6 32. f4 Ke6 33. g4 d5+ 34. Ke3 a5 35. Kd3 Kf6 36.
Ke3 h5 37. h3 hxg4 38. hxg4 Ke6 39. Kd3 Kf6 40. Ke3 Ke6 41. Kd3 Kf6 42. Ke3 1/2-1/2

[Event "*** Titled Tuesday 3|2 Blitz"]
[Site "Chess.com"]
[Date "2015.11.03"]
[Round "8"]
[White "Fh2411"]
[Black "ZEN-22"]
[Result "1/2-1/2"]
[WhiteElo "2321"]
[BlackElo "2172"]
[TimeControl "180+2"]
[EndTime "18:37:14 PST"]
[Termination "Game drawn by stalemate"]

1. d4 e6 2. Nf3 c5 3. c3 Nf6 4.
Bf4 Nc6 5. e3 b5 6. Bxb5 Qb6 7. a4 a6 8. Bxc6 dxc6 9. Ra2 cxd4 10.
exd4 c5 11. O-O cxd4 12. Nxd4 Bb7 13. Nd2 Bc5 14. Nc4 Qd8 15. Nb3 Bd5 16. Qe2 Be7 17.
Raa1 Rc8 18. Ncd2 Ba8 19. Qxa6 O-O 20. Qe2 Qd5 21. f3 Rfd8 22. Kh1 Nh5 23. Be3 Bd6 24. Nd4 Qe5 25. Bg1 Qf4 26. Ne4 Qh4 27. Qf2 Qxf2 28. Bxf2 Be5 29. a5 f5 30. Ng5 Nf4 31. Ngxe6 Nxe6 32. Nxe6 Rd2 33. Bd4 Bd6 34. b4 g5 35.
Nxg5 Bxb4 36. cxb4 Rxd4 37. b5 Rc5 38. b6 Rb5 39.
Ne6 Rdd5 40. Nc7 Rxa5 41. Nxa8 Rxa1 42. Rxa1 Rb5 43. h4 Kg7 44. Ra7+ Kg6 45. Rd7 h6 46. b7 Kh5 47. Rh7 Kxh4 48. Kh2 h5 49. Rg7 f4 50. Nc7 Rxb7 51. Ne6 Rb4 52. Nf8 Rb1 53. Ne6 Rh1+ 54. Kxh1 1/2-1/2

[Event "*** Titled Tuesday 3|2 Blitz"]
[Site "Chess.com"]
[Date "2015.11.03"]
[Round "8"]
[White "Malev212"]
[Black "Boryboy"]
[Result "0-1"]
[WhiteElo "2324"]
[BlackElo "2515"]
[TimeControl "180+2"]
[EndTime "18:38:18 PST"]
[Termination "Boryboy won by checkmate"]

1. Nf3 Nf6 2. c4 e6 3. g3 d5 4. Bg2 dxc4 5. Qa4+ c6 6. Qxc4 b5 7. Qb3 Bb7 8. O-O Be7 9. d4 O-O 10. Rd1 Nbd7 11. Nc3 a6 12. Ne5 Nd5 13. Nxd7 Qxd7 14. Ne4 a5 15. Bd2 f5 16. Nc5 Bxc5 17. dxc5 Qe7 18.
Qc2 h6 19. Rac1 b4 20. e4 fxe4 21. Qxe4 Qf6 22. Be3 Nxe3 23. Qxe3 Qxb2 24. Qxe6+ Kh8 25. Qe1 Rae8 26. Qd2 Re2 27. Qxb2 Rxb2 28. Rd7 Bc8 29.
Rc7 Rxa2 30. Bxc6 b3 31. Be4 Re2 32. Bd3 Rd2 33. Bb1 a4 34. Ra7 b2 35. Re1 Bd7 36. Kg2 Bc6+ 37. Kh3 Rdxf2 38. Rc7 Bg2+ 39. Kh4 a3 40. c6 Bd5 41. Ree7 Rxh2+ 42. Kg4 Bf3# 0-1

[Event "*** Titled Tuesday 3|2 Blitz"]
[Site "Chess.com"]
[Date "2015.11.03"]
[Round "8"]
[White "kikydu96"]
[Black "jcgs1030"]
[Result "1/2-1/2"]
[WhiteElo "2220"]
[BlackElo "2162"]
[TimeControl "180+2"]
[EndTime "18:38:28 PST"]
[Termination "Game drawn by agreement"]

1. b3 e5 2. Bb2 Nc6 3. e3 Nf6 4. Bb5 Bd6 5. Na3 a6 6. Bxc6 dxc6 7. Nc4 Qe7 8. Nf3 Nd7 9. Nxd6+ cxd6 10. d4 e4 11. Nd2 d5 12. c4 Nf6 13. O-O Be6 14. h3 O-O 15. f3 exf3 16. Qxf3 dxc4 17. Nxc4 Bxc4 18. bxc4 Qb4 19. Qe2 Rfe8 20. Rxf6 gxf6 21. Rf1 Qe7 22. Qg4+ Kh8 23. d5 Qxe3+ 24. Kh1 Re5 25.
Rxf6 Rg8 26. Bxe5 Qxe5 27. Qf4 Qxf4 28. Rxf4 cxd5 29. cxd5 Kg7 30. Rg4+ Kf8 31. Re4 Rg5 32.
Rd4 Ke7 33. g4 Kd6 34. Rf4 h5 35. h4 Rxd5 36. Rxf7 hxg4 37. Rxb7 Rh5 38. Kg2 Kc6 39.
Rb2 Rxh4 40. Kg3 Rh8 41. Kxg4 Rf8 42. Kg5 a5 43. Kg4 Kc5 44. Kg5 a4 45. Kg4 a3 46.
Rb3 Ra8 47. Kf4 Ra4+ 48. Ke3 Ra8 49. Kd3 Ra7 50. Kc3 Ra8 51. Rb4 Rh8 52. Rc4+ Kb5 53. Rb4+ Kc5 54. Rc4+ Kb5 1/2-1/2

[Event "*** Titled Tuesday 3|2 Blitz"]
[Site "Chess.com"]
[Date "2015.11.03"]
[Round "8"]
[White "chesstatour"]
[Black "Shivagami"]
[Result "0-1"]
[WhiteElo "1922"]
[BlackElo "1797"]
[TimeControl "180+2"]
[EndTime "18:40:07 PST"]
[Termination "Shivagami won by resignation"]

1. d4 Nf6 2. c4 Nc6 3. d5 Ne5 4. e4 e6 5. f4 Ng6 6. Nf3 exd5 7. cxd5 d6 8. Bd3 Bg4 9. O-O Be7 10. Nc3 O-O 11. Be3 Re8 12. Qd2 Bf8 13. Rae1 c6 14.
dxc6 bxc6 15. Ng5 h6 16. Nxf7 Kxf7 17. Bc4+ d5 18. exd5 cxd5 19. Nxd5 Be6 20. f5 Bxd5 21. fxg6+ Kg8 22. Rxf6 Bxc4 23. Rxf8+ Rxf8 24. Qc3 Qd3 25. Qxd3 Bxd3 26. Rd1 Bc4 27. b3 Be2 28. Re1 Bd3 29. Rd1 Ba6 30. h4 Rad8 31. Rc1 Rd3 32. Bc5 Rc8 33. b4 Rd5 34. Re1 Bd3 35. Re7 a5 36. a3 axb4 37. axb4 Bxg6 38. Kf2 Rdxc5 39. bxc5 Rxc5 40.
g4 Rc2+ 41. Ke3 Rc1 42. Kd2 Rc2+ 43. Ke3 Rg2 44. Kf3 Ra2 45. h5 Bf7 46. Rb7 Ra3+ 47.
Kf4 Be6 48. g5 Ra4+ 49. Ke5 Ra5+ 50. Kxe6 Rxg5 51. Rb8+ Kh7 52. Rb3 Rxh5 53. Ra3 Kg6 54. Rg3+ Rg5 55. Rh3 h5 56. Rh4 Rg4 57. Rh3 Kg5 58.
Ke5 g6 59. Rh1 h4 60. Rh3 Rg3 61. Rh1 Kg4 62. Ke4 g5 63. Rh2 h3 64. Rh1 Rg2 65. Ke3 Kg3 66. Rf1 g4 67. Rf8 h2 68. Rh8 Rg1 69. Ke2 h1=Q 70. Rh3+ 0-1

[Event "*** Titled Tuesday 3|2 Blitz"]
[Site "Chess.com"]
[Date "2015.11.03"]
[Round "8"]
[White "Sadovsky_Artem"]
[Black "Dlugy"]
[Result "1-0"]
[WhiteElo "2508"]
[BlackElo "2574"]
[TimeControl "180+2"]
[EndTime "18:42:09 PST"]
[Termination "Sadovsky_Artem won on time"]

1. e4 c5 2. Nf3 d6 3. c3 Nf6 4. h3 Nbd7 5. Bd3 g6 6. Bc2 b5 7.
O-O Bb7 8. Re1 Bg7 9. d4 cxd4 10. cxd4 O-O 11. Nc3 b4 12. Na4 Rc8 13. Bg5 Qa5 14. a3 b3 15. Bxb3 Bxe4 16. Bd2 Qh5 17. Ng5 Qxd1 18. Raxd1 Bd5 19. Bxd5 Nxd5 20. Nc3 N7b6 21. Nxd5 Nxd5 22. Nf3 Rc2 23. b4 Rfc8 24. Rc1 e6 25.
Rxc2 Rxc2 26. Rc1 Rxc1+ 27. Bxc1 Nc3 28. Kf1 Kf8 29. Ke1 h6 30. Kd2 Ne4+ 31. Ke3 d5 32. Ne5 Nd6 33. Kd3 Ke8 34. Nc6 Nc8 35. b5 Kd7 36. a4 f6 37. a5 e5 38. Ba3 e4+ 39. Kc3 Kc7 40. Bc5 a6 41. Nb4 axb5 42. Nxd5+ Kc6 43. Nf4 f5 44. Nxg6 Bf6 45. Kb4 Nd6 46.
a6 Ne8 47. Nf4 Nc7 48. d5+ Kd7 49. a7 Be5 50. Ne6 Nxd5+ 51. Ka5 Kxe6 52. a8=Q Bc3+ 53. Kxb5 Nc7+ 54. Kc4 Nxa8 55. Kxc3 Kd5 56. Be3 h5 57. Kd2 Nc7 58. Ke2 Ne6 59. g3 Nd4+ 60. Kf1 Nc2 61. Bf4 Kc4 62. Ke2 Nd4+ 63. Ke3 Nc2+ 64. Kd2 Nb4 65. Bd6 Nd5 66. Be5 Nb4 67. Ke3 Kd5 68.
Bc3 Nd3 69. Bg7 Ke6 70. f3 Nc5 71. Bd4 Nb3 72. fxe4 fxe4 73. Kxe4 Kf7 74. Be3 Kg6 75. Kd5 Na1 76. Kc4 Nc2 77. Bf2 Kf5 78. Kb3 1-0

[Event "*** Titled Tuesday 3|2 Blitz"]
[Site "Chess.com"]
[Date "2015.11.03"]
[Round "8"]
[White "Penguininja"]
[Black "WanderingPuppet"]
[Result "1/2-1/2"]
[WhiteElo "2160"]
[BlackElo "2159"]
[TimeControl "180+2"]
[EndTime "18:43:56 PST"]
[Termination "Game drawn by 50-move rule"]

1. d4 h6 2. Nf3 Nf6 3. c4 d6 4. Nc3 Nbd7 5. Bf4 e5 6. dxe5 Nh5 7. e6 Nxf4 8. exd7+ Bxd7 9. e3 Ne6 10. Bd3 Be7 11. O-O O-O 12. Rc1 Nc5 13. Bb1 Be6 14. Qc2 g6 15. b3 Bf5 16. e4 Bg4 17. Ne1 Bf6 18.
f3 Bd7 19. Nd5 Bd4+ 20. Kh1 c6 21. Rd1 Be5 22. Ne3 Qh4 23. g4 Ne6 24. Nd3 Nd4 25.
Qg2 Rad8 26. c5 Bc8 27. Nc4 Qe7 28. f4 Bg7 29. cxd6 Qh4 30. Nf2 b5 31. e5 Ne6 32.
Na5 Nxf4 33. Qf3 Bxe5 34. Nxc6 Bxd6 35. Nxd8 Rxd8 36. Be4 Qg5 37. h3 Be6 38. Nd3 Nxd3 39. Rxd3 Qe5 40. Rd2 Kg7 41. Rfd1 Bc7 42. Kg2 Qh2+ 43.
Kf1 Rxd2 44. Qc3+ Be5 45. Qxd2 Qxh3+ 46. Qg2 Qxg4 47. Qxg4 Bxg4 48. Rd5 Bf6 49. Rxb5 h5 50. Rb7 Be6 51. Rxa7 h4 52. Rc7 h3 53. Rc2 Be5 54. b4 f5 55. Bh1 g5 56. b5 g4 57. b6 g3 58. b7 Kf6 59. Bf3 g2+ 60. Bxg2 hxg2+ 61. Kxg2 Bd5+ 62. Kf2 Bxb7 63. Rc1 Bd5 64.
a4 Bd4+ 65. Ke2 Ke5 66. Rc8 f4 67. Re8+ Kd6 68. a5 Bc6 69. Rd8+ Kc5 70. a6 Bb5+ 71. Kf3 Bxa6 72. Kxf4 Bc4 73. Ke4 Bc3 74. Rc8+ Kb4 75. Rb8+ Kc5 76. Rc8+ Kb4 77. Ke3 Bf6 78.
Kd2 Bg5+ 79. Kc2 Bf6 80. Rb8+ Kc5 81. Rf8 Be5 82. Rf5 Kd6 83. Rf8 Be6 84. Ra8 Bd5 85. Ra6+ Bc6 86. Kd3 Kc5 87. Ra5+ Kd6 88. Kc4 Bg3 89.
Rg5 Be5 90. Rg6+ Kd7 91. Kc5 Be4 92. Ra6 Ke7 93. Ra7+ Ke6 94. Ra6+ Kf5 95. Kc4 Bf3 96. Kd3 Bg2 97. Ke3 Bf4+ 98. Kf2 Bd5 99. Ra5 Ke5 100.
Rb5 Bd2 101. Ke2 Bc3 102. Kd3 Be1 103. Rc5 Bf2 104. Ra5 Kd6 105. Ra6+ Ke5 106. Rh6 Bg3 107. Rh5+ Kd6 108. Kd4 Bf2+ 109. Kd3 Bg1 110. Rg5 Bf2 111. Rg6+ Kc5 112. Rg5 Kc6 113. Rf5 Bc5 114. Rf6+ Kd7 115. Rh6 Bd6 116. Kd4 Bf3 117. Rf6 Bd1 118. Kd5 Bb3+ 119. Kd4 Be6 120. Rh6 Ba2 121. Rh7+ Kc6 122. Rh2 Be6 123. Rc2+ 1/2-1/2

[Event "*** Titled Tuesday 3|2 Blitz"]
[Site "Chess.com"]
[Date "2015.11.03"]
[Round "9"]
[White "simplerXiao"]
[Black "Penguininja"]
[Result "1-0"]
[WhiteElo "2335"]
[BlackElo "2155"]
[TimeControl "180+2"]
[EndTime "18:47:36 PST"]
[Termination "simplerXiao won by resignation"]

1. e4 e5 2. Nf3 Nc6 3. d4 exd4 4. Nxd4 Nf6 5. Nxc6 bxc6 6. e5 Qe7 7. Qe2 Nd5 8. c4 Ba6 9. Qe4 Nb4 10. Nc3 d5 11. cxd5 Bxf1 12. Rxf1 O-O-O 13. d6 Rxd6 14. exd6 Qxe4+ 15. Nxe4 Nc2+ 16. Kd1 Nxa1 17. Bf4 1-0

[Event "*** Titled Tuesday 3|2 Blitz"]
[Site "Chess.com"]
[Date "2015.11.03"]
[Round "9"]
[White "Fh2411"]
[Black "kikydu96"]
[Result "1-0"]
[WhiteElo "2327"]
[BlackElo "2214"]
[TimeControl "180+2"]
[EndTime "18:48:38 PST"]
[Termination "Fh2411 won by resignation"]

1. d4 d5 2. Nf3 Nf6 3. c4 c6 4.
Nbd2 g6 5. g3 Bg7 6. Bg2 O-O 7.
O-O Nbd7 8. Qc2 Re8 9. b3 e6 10.
Bb2 Ne4 11. Nxe4 dxe4 12. Qxe4 c5 13. Qc2 Qb6 14. Rfd1 Nf6 15. Ne5 cxd4 16. Bxd4 Qc7 17. Qb2 Rb8 18. Nxg6 hxg6 19. Bxf6 Bxf6 20. Qxf6 Bd7 21.
Rd4 Qd8 22. Qxd8 Rexd8 23. Rad1 Kf8 24. Rxd7 1-0

[Event "*** Titled Tuesday 3|2 Blitz"]
[Site "Chess.com"]
[Date "2015.11.03"]
[Round "9"]
[White "Viaje"]
[Black "chesstatour"]
[Result "1/2-1/2"]
[WhiteElo "2197"]
[BlackElo "1927"]
[TimeControl "180+2"]
[EndTime "18:49:16 PST"]
[Termination "Game drawn by agreement"]

1. d4 f5 2. Qd3 d5 3. c4 c6 4.
Nf3 Nf6 5. Bf4 e6 6. Nc3 Bd6 7.
Bxd6 Qxd6 8. e3 Nbd7 9. Be2 O-O 10. O-O Ne4 11. c5 Qe7 12. b4 Rf6 13. Ne5 Nxc3 14.
Qxc3 Rh6 15. f3 Qh4 16. h3 Qg3 17. Kh1 Nxe5 18. dxe5 Bd7 19. f4 Rxh3+ 20. gxh3 Qxh3+ 21. Kg1 1/2-1/2

[Event "*** Titled Tuesday 3|2 Blitz"]
[Site "Chess.com"]
[Date "2015.11.03"]
[Round "9"]
[White "jcibarra"]
[Black "kharposh"]
[Result "1-0"]
[WhiteElo "2520"]
[BlackElo "2106"]
[TimeControl "180+2"]
[EndTime "18:49:56 PST"]
[Termination "jcibarra won by resignation"]

1. e4 e5 2. Nf3 Nc6 3. Bb5 Nf6 4.
O-O Nxe4 5. d4 Nd6 6. dxe5 Nxb5 7. a4 Nbd4 8. Nxd4 Nxd4 9. Qxd4 d5 10. Nc3 Be6 11.
Qd3 Be7 12. Qg3 Qd7 13. Nb5 c6 14. Nd6+ Bxd6 15. exd6 O-O-O 16. Qxg7 Rhg8 17. Qd4 Bh3 18. g3 Bxf1 19. Kxf1 Qxd6 20. Qxa7 Qb8 21. Qb6 Qc7 22. Qa7 Qb8 23. Qd4 Qd6 24. Bf4 c5 25. Qd3 Qc6 26.
Qxh7 Rh8 27. Qf5+ Qe6 28. Qxe6+ fxe6 29. h4 d4 30. Re1 Kd7 31. b3 Rh5 32. Kg2 Re8 33.
Be5 Kc6 34. f4 Kd5 35. Kf3 c4 36. Re4 d3 37. bxc4+ Kc5 38. cxd3 1-0

[Event "*** Titled Tuesday 3|2 Blitz"]
[Site "Chess.com"]
[Date "2015.11.03"]
[Round "9"]
[White "ZEN-22"]
[Black "jcgs1030"]
[Result "1-0"]
[WhiteElo "2180"]
[BlackElo "2147"]
[TimeControl "180+2"]
[EndTime "18:51:11 PST"]
[Termination "ZEN-22 won by resignation"]

1. d3 c5 2. Nd2 Nf6 3. Ngf3 g6 4.
e4 Bg7 5. g3 d5 6. exd5 Nxd5 7. h4 h5 8. Bg2 Nc6 9. O-O Bg4 10. c3 Nc7 11. Qb3 Rb8 12. Ng5 O-O 13. Qc4 Ne5 14. Qxc5 Nxd3 15. Qe3 b6 16. Nde4 Ne5 17.
Re1 Nd5 18. Qd2 Nc4 19. Qxd5 Qxd5 20. Nf6+ exf6 21. Bxd5 fxg5 22. Bxc4 gxh4 23. gxh4 Bf6 24. Bg5 Kg7 25. Re4 Rbd8 26. Rae1 Bxg5 27. hxg5 Rd2 28.
b4 Rc2 29. R1e3 Rc8 30. Rf4 Bf5 31. Re7 Rxc3 32. Rxf7+ Kh8 33. Bb3 R3c7 34. Rf6 Kg7 35. Kh2 Rf8 36. Rd6 Rd7 37. Rc6 Rd2 38. Kg3 Bd7 39.
Rxf8 Kxf8 40. Rxg6 h4+ 41. Kxh4 Rxf2 42. Rg8+ Ke7 43.
Rg7+ Kd6 44. g6 a5 45. Rxd7+ Kxd7 46. g7 Rg2 47. g8=Q Rxg8 48. Bxg8 axb4 49. Bb3 Kd6 50.
Kg5 Kc5 51. Kf4 Kd4 52. Kf5 Kc5 53. Ke5 Kb5 54. Kd5 Ka5 55. Kc4 Ka6 56. Kxb4 Kb7 57.
Kb5 Ka7 58. Bd5 Kb8 59. Kxb6 Kc8 60. a4 Kd7 61. a5 Kd6 62. Bc6 1-0

[Event "*** Titled Tuesday 3|2 Blitz"]
[Site "Chess.com"]
[Date "2015.11.03"]
[Round "9"]
[White "AlexanderL"]
[Black "AdrianaNikolova"]
[Result "1-0"]
[WhiteElo "2536"]
[BlackElo "2231"]
[TimeControl "180+2"]
[EndTime "18:52:08 PST"]
[Termination "AlexanderL won by resignation"]

1. d4 Nf6 2. c4 e6 3. Nc3 Bb4 4. Qc2 c5 5. dxc5 Qc7 6. Nf3 O-O 7. a3 Bxc5 8. g3 b6 9. Bg2 Bb7 10. O-O Nc6 11. Rd1 Rfd8 12. Nb5 Qb8 13. Bf4 e5 14. Bg5 Be7 15. Bxf6 Bxf6 16. Nd6 Nd4 17. Rxd4 exd4 18.
Nxb7 Qxb7 19. Ng5 Qc8 20. Qxh7+ Kf8 21. Bxa8 Bxg5 22. Bd5 Bf6 23. Rd1 d6 24. Rd3 Qg4 25. Rf3 Ke7 26. Rf4 Qg6 27. Re4+ Kd7 28. Qxg6 fxg6 29.
h4 g5 30. hxg5 Bxg5 31. Rxd4 Bf6 32. Rd2 a6 33. e3 b5 34. cxb5 axb5 35. Rc2 Rb8 36.
b4 Rb6 37. Rd2 Ra6 38. Rd3 Bb2 39. Rb3 Bxa3 40. Bf3 Ra4 41. Be2 Kc6 42. Rc3+ Kb6 43. Rc8 Rxb4 44. Rb8+ Kc5 45. Rb7 Bb2 46. Kg2 Bf6 47.
f4 Rb2 48. Kf3 Rb3 49. Kf2 Rb2 50. g4 b4 51. g5 Bc3 52. Kf3 b3 53. Rc7+ Kb4 54.
Rc4+ Ka3 55. Rxc3 Rc2 56. Rxb3+ Kxb3 57. Bd1 Kc3 58. Bxc2 Kxc2 59. f5 Kd3 60. f6 1-0

[Event "*** Titled Tuesday 3|2 Blitz"]
[Site "Chess.com"]
[Date "2015.11.03"]
[Round "9"]
[White "wanyaland"]
[Black "Noukii"]
[Result "0-1"]
[WhiteElo "2242"]
[BlackElo "2608"]
[TimeControl "180+2"]
[EndTime "18:52:15 PST"]
[Termination "Noukii won by resignation"]

1. d4 d5 2. c4 c6 3. Nc3 Nf6 4. Nf3 dxc4 5. a4 Bg4 6. e3 e5 7.
dxe5 Qxd1+ 8. Nxd1 Nfd7 9. Bxc4 Bxf3 10. gxf3 Nxe5 11. Be2 Bb4+ 12. Bd2 Bxd2+ 13. Kxd2 Nbd7 14. f4 Ng6 15. Nc3 Nc5 16. Kc2 a5 17. h4 Ne7 18. Rag1 g6 19. h5 O-O-O 20. Rg5 b6 21. Bf3 Kc7 22. Re5 Nf5 23. Bg4 f6 24. Rxf5 gxf5 25. Bxf5 h6 26. Rg1 Rhg8 27. Bg6 Rd7 28. Re1 Na6 29. e4 Nb4+ 30. Kb3 Rd2 31. f3 Nd3 32.
Rb1 Nxf4 33. Rc1 Nd3 34. Rg1 Rxb2+ 35. Ka3 Rc2 36. Kb3 Rf2 37. Rg3 Rd8 38. Bf5 Nc5+ 39.
Kc4 Rfd2 40. Rg7+ Kb8 41. Nd5 Rc2+ 42. Kd4 cxd5 43. exd5 Rd2+ 44. Kc4 R2xd5 45. Rf7 Rxf5 0-1

[Event "*** Titled Tuesday 3|2 Blitz"]
[Site "Chess.com"]
[Date "2015.11.03"]
[Round "9"]
[White "Dlugy"]
[Black "GrigorGrigorov"]
[Result "0-1"]
[WhiteElo "2563"]
[BlackElo "2444"]
[TimeControl "180+2"]
[EndTime "18:52:16 PST"]
[Termination "GrigorGrigorov won by resignation"]

1. d4 Nf6 2. Bf4 e6 3. e3 b6 4. Nf3 Bb7 5. Bd3 Be7 6. h3 O-O 7. O-O c5 8. c3 Nc6 9. Nbd2 d5 10.
Qb1 Bd6 11. Ne5 Ne7 12. b4 cxb4 13. cxb4 Rc8 14. Qb2 Ne4 15. Bh2 f6 16. Nef3 Bxh2+ 17.
Nxh2 Qd6 18. Nhf3 Rc7 19. Rfc1 Rfc8 20. a3 g5 21. Nh2 h5 22. Nhf1 h4 23. b5 Kg7 24. a4 Nc3 25. Kh1 Nxa4 26. Rxc7 Nxb2 27. Rxb7 Nxd3 28. Raxa7 Re8 29. Kg1 Kf7 30. Ra6 Rb8 31.
Rba7 Rc8 32. Rb7 Rc2 33. Rbxb6 Qb4 34. Nf3 Rxf2 35. Rb7 Qb1 36. Nh2 Qb2 37. Raa7 Rxg2+ 38. Kh1 Qf2 39. Rxe7+ Kg6 40. Rg7+ Kf5 41. Rxg5+ Rxg5 42. e4+ Kxe4 0-1

[Event "*** Titled Tuesday 3|2 Blitz"]
[Site "Chess.com"]
[Date "2015.11.03"]
[Round "9"]
[White "ArnaudovP"]
[Black "Malev212"]
[Result "1-0"]
[WhiteElo "2353"]
[BlackElo "2315"]
[TimeControl "180+2"]
[EndTime "18:52:20 PST"]
[Termination "ArnaudovP won on time"]

1. Nf3 d5 2. c4 d4 3. e3 Nc6 4. b4 d3 5. Qb3 e5 6. Bxd3 Nxb4 7. Be2 e4 8. Nd4 Nf6 9. O-O Be7 10. Nc3 O-O 11.
a3 Na6 12. Qc2 Nc5 13. f3 exf3 14. Nxf3 g6 15. e4 Ne6 16. Bb2 Bc5+ 17. Kh1 Nd4 18. Nxd4 Bxd4 19. Nd5 Bxb2 20. Qxb2 Nxd5 21. cxd5 b6 22.
Rf6 Bb7 23. Raf1 Qd7 24. Qc3 Qe7 25. Qf3 Rad8 26. Bc4 Rd6 27. Rf4 c6 28. dxc6 Bxc6 29. Rxf7 Rxf7 30. Bxf7+ Kg7 31. Qc3+ Rf6 32. Bd5 Bxd5 33.
exd5 Kf7 34. Rxf6+ Qxf6 35. Qc7+ Qe7 36. d6 1-0